Map: Catalyst LE

Players

Buff - Winner!

  • Race: Zerg Zerg
  • League: Master
  • Spawn Location: 11:00

TEarDroP

  • Race: Terran Terran
  • League: Master
  • Spawn Location: 5:00

VOD

Have the link to the VOD?

Description

Time

  • Played on: Dec. 17, 2017, 10:29 a.m.
  • Length: 19:59
Show
View Real Time Build Order
Export as new Build Order

Buff Zerg - Winner!

Build Orders: Hatch First 

Get SALT Encoding   

  12  0:01  Drone  
  13  0:13  Overlord  
  13  0:17  Drone  
  14  0:31  Drone x2  
  14  0:34  Drone  
  17  0:53  Hatchery  
  16  0:57  Drone  
  16  1:00  Drone  
  18  1:07  Drone, Extractor  
  18  1:22  Spawning Pool  
  18  1:24  Drone  
  18  1:28  Drone  
  19  1:39  Drone  
  20  1:51  Overlord  
  20  2:10  Extractor  
  20  2:12  Queen x2  
  20  2:13  Metabolic Boost  
  20  2:14  Zergling x2  
  20  2:15  Zergling x2  
  25  2:18  Zergling x2  
  26  2:24  Drone  
  26  2:25  Drone  
  28  2:34  Extractor  
  28  2:43  Drone x3  
  31  2:58  Hatchery  
  30  3:04  Drone x3  
  33  3:29  Drone x3  
  33  3:30  Overlord x2  
  35  3:47  Queen x2  
  39  3:52  Drone  
  39  3:53  Drone x5  
  45  4:10  Overlord x3  
  45  4:16  Evolution Chamber  
  45  4:17  Drone x3, Baneling Nest, Evolution Chamber  
  45  4:26  Lair  
  45  4:34  Queen x2  
  49  4:46  Zerg Melee Weapons Level 1  
  49  4:47  Zerg Ground Armor Level 1  
  49  4:51  Drone  
  50  4:53  Drone x5  
  50  4:55  Zergling x2  
  50  4:56  Zergling x2  
  57  5:17  Drone x3  
  57  5:18  Drone x11  
  57  5:20  Drone  
  72  5:23  Extractor  
  72  5:24  Extractor  
  69  5:29  Centrifical Hooks  
  69  5:40  Overlord x3  
  69  5:41  Zergling x2  
  69  5:42  Zergling x4  
  72  5:55  Overlord  
  72  6:03  Drone, Hydralisk Den  
  72  6:04  Zergling x2  
  72  6:05  Zergling x16, Hatchery  
  80  6:15  Extractor  
  80  6:16  Extractor  
  78  6:19  Overseer  
  78  6:21  Overseer x2  
  78  6:23  Zergling x2  
  78  6:24  Zergling x16  
  82  7:03  Drone x3  
  82  7:04  Drone  
  82  7:05  Drone x4  
  82  7:06  Drone  
  82  7:07  Drone x3  
  95  7:08  Zergling x2  
  95  7:09  Zergling x2  
  95  7:13  Overlord  
  96  7:16  Overlord  
  96  7:18  Muscular Augments  
  96  7:19  Overlord x2  
  96  7:22  Queen  
  96  7:25  Hatchery  
  97  7:31  Zergling x2  
  97  7:32  Zergling x20  
  108  7:44  Hydralisk x3  
  108  7:45  Hydralisk x2  
  108  7:46  Baneling  
  108  7:47  Baneling x15  
  117  7:52  Zergling x6  
  117  7:53  Zergling x2  
  117  7:57  Overlord x2  
  111  8:18  Drone x4  
  111  8:19  Drone x9  
  123  8:25  Zergling x2  
  123  8:26  Zergling x6  
  127  8:28  Zerg Ground Armor Level 2, Zerg Melee Weapons Level 2  
  124  8:48  Zergling x6  
  118  8:49  Zergling x16  
  116  9:10  Hydralisk x3, Extractor x2  
  116  9:11  Hydralisk x3, Extractor  
  116  9:12  Overlord  
  116  9:13  Overlord x5  
  116  9:16  Infestation Pit  
  124  9:32  Baneling  
  124  9:33  Baneling x19  
  124  9:35  Zergling x24  
  124  9:37  Overseer  
  124  9:38  Overseer x2  
  125  9:53  Zergling x4  
  125  9:54  Zergling x24  
  125  9:55  Zergling x2  
  139  10:18  Zergling x2  
  139  10:19  Zergling x30  
  155  10:27  Hive  
  155  10:33  Baneling x8  
  155  10:34  Baneling x16  
  153  10:41  Zergling x18  
  144  11:27  Zergling x2  
  144  11:28  Zergling x36  
  144  11:29  Zergling x6  
  141  11:37  Drone  
  141  11:38  Drone x7  
  141  11:39  Drone x3  
  151  11:43  Burrow  
  151  11:45  Adrenal Glands  
  151  11:46  Ultralisk Cavern  
  150  11:47  Zerg Ground Armor Level 3, Zerg Melee Weapons Level 3  
  150  11:53  Spire  
  148  11:54  Spire  
  144  12:21  Hatchery  
  139  12:25  Zergling x2  
  139  12:26  Zergling x36  
  139  12:27  Zergling x4  
  160  12:35  Chitinous Plating  
  159  12:50  Overseer x4  
  159  12:52  Ultralisk  
  159  12:54  Overlord x2  
  159  12:55  Overlord x2  
  159  12:56  Overlord  
  159  12:57  Overlord  
  165  13:11  Baneling  
  165  13:12  Baneling x11, Zergling x2  
  163  13:13  Zergling x14  
  163  13:20  Ultralisk  
  159  13:34  Ultralisk  
  159  13:35  Ultralisk  
  159  13:38  Pneumatized Carapace  
  171  13:51  Hydralisk x5  
  171  13:52  Hydralisk Den  
  149  14:04  Zergling x2  
  149  14:05  Zergling x20  
  142  14:31  Hatchery  
  142  14:37  Zergling x2  
  142  14:38  Zergling x28  
  149  14:45  Zergling x2  
  146  15:00  Zergling x2  
  146  15:01  Zergling x20  
  146  15:04  Zerg Flyer Weapons Level 1, Zerg Flyer Armor Level 1  
  155  15:13  Drone x2  
  155  15:14  Drone, Extractor x2  
  155  15:21  Ultralisk  
  155  15:53  Zergling x8  
  155  15:54  Zergling x18  
  167  15:59  Hatchery  
  142  16:08  Zergling x2, Ultralisk  
  142  16:09  Zergling x6  
  108  16:32  Hatchery  
  97  16:35  Zergling x6, Ultralisk  
  104  16:49  Zergling x2, Ultralisk  
  104  16:50  Zergling x2  
  112  17:01  Drone x6  
  116  17:11  Zergling x10  
  104  17:23  Corruptor, Infestor  
  106  17:31  Drone x4  
  106  17:33  Drone x3  
  111  17:57  Corruptor x5  
  121  18:00  Ultralisk  
  121  18:01  Zergling x2  
  128  18:22  Ultralisk  
  128  18:24  Zergling x10  
  139  18:28  Baneling x7  
  139  18:29  Baneling  
  139  18:30  Hatchery  
  138  18:39  Zergling x22  
  149  19:08  Corruptor x6  
  161  19:10  Hydralisk x3  
  161  19:11  Zergling x2  
  161  19:12  Zergling x14  
  175  19:21  Infestor  
  175  19:31  Hatchery  
Show
View Real Time Build Order
Export as new Build Order

TEarDroP Terran 

Build Orders: Reaper Expand, Bio Mine 

Get SALT Encoding   

  12  0:00  SCV  
  13  0:13  SCV  
  14  0:17  Supply Depot  
  14  0:25  SCV  
  15  0:28  Refinery  
  15  0:39  SCV  
  16  0:45  Barracks  
  16  0:51  SCV  
  17  1:03  SCV  
  18  1:15  SCV  
  19  1:33  Reaper, Orbital Command  
  20  1:46  Command Center  
  20  1:57  Factory  
  20  2:05  SCV  
  20  2:07  Barracks Reactor  
  21  2:16  Supply Depot  
  21  2:18  SCV  
  22  2:24  Refinery  
  22  2:30  SCV  
  23  2:43  Starport  
  23  2:45  SCV  
  23  2:47  Marine x2  
  26  2:55  Factory Tech Lab  
  26  2:57  SCV  
  27  3:04  Orbital Command  
  27  3:06  Marine x2  
  27  3:09  SCV  
  30  3:23  SCV  
  30  3:29  Marine x2  
  30  3:31  SCV  
  32  3:35  SCV  
  33  3:44  SCV  
  33  3:47  SCV  
  35  3:55  Marine x2  
  36  3:56  SCV, Siege Tank  
  36  4:01  SCV  
  36  4:02  Supply Depot  
  42  4:09  SCV  
  43  4:13  SCV  
  44  4:17  Viking  
  47  4:24  SCV  
  47  4:25  Command Center  
  47  4:28  SCV  
  47  4:29  Marine x2  
  49  4:40  SCV x2  
  49  4:43  Supply Depot x2, Factory Reactor  
  51  4:47  Liberator  
  51  4:52  SCV  
  52  4:56  SCV  
  52  4:57  Marine  
  52  4:58  Stimpack  
  54  5:06  SCV  
  58  5:08  Supply Depot  
  58  5:14  SCV  
  58  5:16  Barracks  
  58  5:17  Barracks  
  58  5:18  SCV  
  60  5:22  Bunker  
  60  5:26  Supply Depot  
  60  5:27  SCV  
  61  5:30  SCV  
  61  5:32  Marine  
  63  5:39  SCV  
  63  5:40  Engineering Bay  
  63  5:41  Orbital Command, Factory Reactor, Engineering Bay  
  64  5:45  SCV  
  64  5:49  Supply Depot  
  65  5:51  Marine  
  65  5:53  Starport Reactor  
  66  6:02  SCV x2  
  68  6:08  Terran Infantry Armor Level 1, Terran Infantry Weapons Level 1  
  68  6:09  SCV  
  69  6:12  Refinery  
  69  6:14  SCV  
  69  6:15  SCV  
  71  6:20  Widow Mine x2, Marine  
  71  6:21  Orbital Command, Marine x2  
  71  6:22  Marine  
  80  6:27  Barracks  
  80  6:28  Barracks  
  79  6:35  SCV x2  
  79  6:38  Marine x2  
  79  6:39  Marine  
  84  6:41  Marine x2  
  86  6:47  SCV  
  86  6:48  SCV x2  
  89  6:56  Marine x2  
  89  6:59  SCV  
  89  7:00  SCV x2  
  91  7:04  Marine  
  91  7:05  Combat Shields, Marine x2  
  94  7:08  Widow Mine x2  
  94  7:09  Medivac x2  
  94  7:14  Marine x2  
  104  7:16  Supply Depot, Refinery  
  104  7:17  Supply Depot  
  104  7:18  Armory, SCV x2  
  104  7:21  Barracks Reactor x2  
  106  7:25  Marine x2  
  106  7:26  SCV  
  109  7:37  SCV x2  
  109  7:38  SCV  
  109  7:43  Supply Depot  
  109  7:44  Medivac x2, Supply Depot, Marine x2  
  116  7:45  Marine x3  
  121  7:56  SCV x3  
  124  7:58  Marine  
  124  8:00  Marine x2  
  124  8:04  Barracks, Marine x4  
  124  8:05  Barracks  
  113  8:21  Marine x5  
  113  8:22  Marine x2, SCV x3  
  113  8:24  Widow Mine x2  
  113  8:25  Medivac x2  
  113  8:26  Terran Infantry Weapons Level 2  
  131  8:29  Marine x2  
  131  8:31  Refinery  
  131  8:32  Refinery  
  131  8:33  Supply Depot, Terran Infantry Armor Level 2  
  133  8:38  SCV x3  
  136  8:48  Marine x5  
  128  8:49  Marine x2  
  118  8:56  Marine x2  
  118  8:57  Marine x2  
  107  9:05  Marine  
  107  9:06  Marine x4  
  107  9:07  Marine  
  107  9:09  SCV x2  
  116  9:14  Marine x2  
  116  9:15  Sensor Tower  
  116  9:16  Barracks Reactor x2, Marine, Command Center  
  118  9:17  Medivac x2, Widow Mine  
  118  9:18  Widow Mine  
  118  9:23  Marine x3  
  118  9:24  Marine x2  
  130  9:25  Marine  
  132  9:32  Marine x2  
  132  9:34  Factory, Marine  
  132  9:35  Factory  
  135  9:41  Marine x4  
  135  9:42  Marine x2  
  141  9:46  Widow Mine x2  
  141  9:50  Marine  
  141  9:52  Marine x4  
  139  9:53  Marine x2  
  139  9:56  Medivac x2  
  139  9:59  Marine x3  
  149  10:15  Supply Depot  
  149  10:19  Supply Depot, Marine x8  
  149  10:20  Widow Mine x2, Marine x3  
  164  10:36  Marine x2  
  164  10:37  Marine x3  
  164  10:38  Medivac x2  
  156  10:48  Marine x7  
  156  10:49  Widow Mine x2, Marine  
  168  10:56  Marine x4  
  163  10:57  Marine  
  163  10:58  Factory Tech Lab x2  
  163  11:02  Command Center  
  164  11:05  Marine  
  164  11:08  Medivac x2  
  169  11:11  Marine x2  
  169  11:12  Marine x3  
  169  11:16  Marine x6  
  180  11:22  Marine  
  180  11:23  Marine  
  181  11:26  Widow Mine x2, Siege Tank x2  
  181  11:29  Marine x3  
  180  11:34  Marine  
  180  11:35  Marine x7  
  180  11:38  Drilling Claws  
  180  11:39  Medivac x2  
  182  11:40  Marauder  
  182  11:41  Marine  
  185  11:47  Marine  
  186  12:04  Marauder, Marine x2  
  186  12:05  Planetary Fortress  
  185  12:15  Terran Infantry Armor Level 3, Terran Infantry Weapons Level 3  
  177  12:26  Marauder, Marine x2  
  177  12:29  Marine x5  
  184  12:30  Marine x5  
  184  12:33  Widow Mine x2  
  184  12:34  Siege Tank x2  
  200  12:38  Supply Depot  
  200  12:55  Terran Vehicle Weapons Level 1  
  200  12:58  Command Center  
  175  13:34  Marine  
  175  13:35  Marauder  
  175  13:36  Marine  
  175  13:37  Marine x4  
  183  13:41  Widow Mine x2  
  183  13:42  Siege Tank x2  
  193  13:48  Marine x3  
  193  13:49  Marine x3  
  177  14:04  Marine x3  
  177  14:05  Marauder  
  161  14:13  Marine x2  
  161  14:14  Marine x4  
  161  14:15  Marine x3  
  161  14:16  Widow Mine x2, Siege Tank x2  
  173  14:17  Medivac x2  
  177  14:26  Marauder  
  169  14:43  Marine  
  169  14:44  Marine x7  
  169  14:45  Marine  
  163  14:47  Medivac x2, Marauder, Widow Mine x2  
  163  14:48  Siege Tank  
  163  14:49  Terran Vehicle And Ship Armor Level 1  
  166  15:09  Marauder  
  166  15:11  Marine  
  166  15:12  Marine x8  
  166  15:13  Marine x3  
  180  15:17  Medivac x2  
  180  15:19  Starport  
  178  15:22  Starport  
  178  15:24  Siege Tank x2  
  184  15:30  Marauder  
  184  15:34  Marine x3  
  184  15:35  Marine x2  
  191  15:37  Widow Mine x2  
  195  15:52  Marauder, Marine  
  194  15:59  Liberator x3  
  194  16:00  Liberator  
  181  16:04  Marine x2  
  174  16:13  Marauder  
  174  16:14  Widow Mine x2, Siege Tank  
  174  16:15  Siege Tank  
  196  16:24  Planetary Fortress  
  153  16:34  Marauder  
  154  16:41  Marine x3  
  154  16:42  Marine x2  
  146  16:56  Marauder  
  136  17:17  Marauder  
  132  17:26  Marine x4  
  132  17:27  Marine x3  
  133  17:44  Marine x4  
  137  18:07  Marine, Orbital Command  
  137  18:08  Marauder, Marine x2  
  137  18:10  Orbital Command  
  137  18:11  Marine x3  
  145  18:20  Command Center  
  144  18:29  Marauder  
  144  18:32  Planetary Fortress  
  145  18:53  Liberator x2  
  145  18:54  Liberator x2  
  136  19:15  Orbital Command  
Tags
 
Add a new tag
Caveats
  • Supply blocks, unpowered buildings, or Contaminate may cause inaccurate times.
  • Supply counts are checked every 10 seconds.